 Dungeon Crawl Stone Soup version 0.29.1-12-g30fa7ad0bf (webtiles) character file.

Game seed: 14965335266311233790

392 Tirrikindir the Trooper (level 6, -12/44 HPs)
             Began as an Octopode Fighter on Dec 27, 2022.
             Mangled by a gnoll
             ... wielding a +0 scythe
              (13 damage)
             ... on level 6 of the Dungeon.
             The game lasted 00:06:10 (2182 turns).

Tirrikindir the Trooper (Octopode Fighter)          Turns: 2182, Time: 00:06:10

Health: -12/44     AC:  3    Str: 15    XL:     6   Next: 81%
Magic:  15/15      EV: 14    Int: 10    God:
Gold:   121        SH:  6    Dex: 14    Spells: 5/5 levels left

rFire   . . .      SeeInvis .   a - +1 long sword (venom)
rCold   . . .      Faith    .   b - +1 buckler
rNeg    + . .      Spirit   .   (helmet restricted)
rPois   .          Reflect  .   (no amulet)
rElec   .          Harm     .   g - ring of magical power
rCorr   .          Rampage  .   i - ring of positive energy
Will    .....                   (no ring)
Stlth   +++.......              (no ring)
HPRegen 0.14/turn               (no ring)
MPRegen 0.14/turn               (no ring)
                                (no ring)
                                (no ring)

@: mighty, unable to drink
A: almost no armour, amphibious, 8 rings, camouflage 1, gelatinous body 1,
(nimble swimmer 1), tentacles, iridescent scales 1, inability to drink after
injury 1
a: no special abilities


You were on level 6 of the Dungeon.
You visited 1 branch of the dungeon, and saw 4 of its levels.

You collected 121 gold pieces.

Inventory:

Hand Weapons
 a - a +1 long sword of venom (weapon)
 l - a +5 mace of protection
Armour
 b - a +1 buckler (worn)
Jewellery
 g - a ring of magical power (left tentacle)
 i - a ring of positive energy (right tentacle)
Scrolls
 k - a scroll of silence {unknown}
 m - a scroll of fog {unknown}
Potions
 c - a potion of might
 e - a potion of resistance {unknown}
 j - a potion of heal wounds {unknown}
 n - a potion of haste {unknown}
 o - a potion of lignification {unknown}
 p - 2 potions of curing


   Skills:
 * Level 4.7 Fighting
 * Level 4.1 Long Blades
 + Level 3.9 Dodging
 + Level 3.1 Stealth
 + Level 3.8 Shields


You had 5 spell levels left.
You didn't know any spells.
Your spell library contained the following spells:

 Spells                   Type           Power      Damage    Failure   Level
 Slow                     Hex            0%         N/A       43%         1
 Confusing Touch          Hex            0%         N/A       82%         3
 Vampiric Draining        Necr           0%         2d6       82%         3


Dungeon Overview and Level Annotations

Branches:
Dungeon (3/15)

Altars:


Innate Abilities, Weirdness & Mutations

You cannot wear most types of armour.
You are amphibious.
You can wear up to eight rings at the same time.
Your skin changes colour to match your surroundings (Stealth+).
Your rubbery body absorbs attacks. (AC +1, EV +1)
((You are camouflaged when in or above water. (Stealth+)))
You have tentacles for arms and can constrict up to eight enemies at once.
You are partially covered in iridescent scales. (AC +2)
You occasionally lose the ability to drink potions when taking damage.


Message History

It was a potion of curing.
You feel better.
Your hound bites the gnoll.
The gnoll misses your hound. Something hits your hound!
You block the hobgoblin's attack.
Your hound closely misses the gnoll.
The gnoll completely misses you. You block the gnoll's attack.
Your hound misses the gnoll. The hobgoblin misses you.
You slash the hobgoblin!
You kill the hobgoblin!
Your hound closely misses the gnoll.
The gnoll hits you from afar with a +0 scythe!
You feel threatened and lose the ability to drink potions!
* * * LOW HITPOINT WARNING * * *
The gnoll barely misses you.
Your hound bites the gnoll but does no damage.
Your hound bites the gnoll but does no damage.
The gnoll hits your hound with a +0 scythe!
Your hound dies!
Your hound's corpse dissolves into shadows!
The gnoll shouts!
Okay, then.
You cannot drink potions in your current state!
As you read the scroll labelled LOFESA TAACKI, it crumbles to dust.
It is a scroll of amnesia.
You feel forgetful for a moment. The gnoll barely misses you.
You can drink potions again.
The gnoll closely misses you. You block the gnoll's attack.
You barely miss the gnoll. Your grab misses the gnoll. You squeeze the gnoll!
The gnoll is severely wounded.
You block the gnoll's attack. The gnoll barely misses you.
You barely miss the gnoll. You grab the gnoll.
The gnoll is severely wounded.
You constrict the gnoll, but do no damage.
The gnoll hits you with a +0 scythe!
You feel threatened and lose the ability to drink potions!
* * * LOW HITPOINT WARNING * * *
The gnoll barely misses you. The gnoll hits you but does no damage.
You block the gnoll's attack.
You barely miss the gnoll. You squeeze the gnoll.
You kill the gnoll!
The gnoll hits you from afar with a +0 scythe!
You die...

##8 #.........#
#######.........#
#..............#
#####..........##
##..........##
#........>...
#.....(...###
#.........#
#....@.)..#####
#.....)g......#
#######)......#
#g.)......#
#.g....#####
#......# #......#
#......# ###....#


You could see a gnoll.

Vanquished Creatures
  An ogre (D:6)
  An orc priest (D:3)
  Terence (D:2)
  5 gnolls
  3 adders
  3 dart slugs (D:1)
  2 orcs (D:3)
  2 bats
  7 endoplasms
  A giant cockroach (D:1)
  2 goblins (D:2)
  3 hobgoblins
  2 quokkas (D:2)
  A ball python (D:1)
  4 frilled lizards
  5 kobolds
  5 rats
48 creatures vanquished.

Vanquished Creatures (collateral kills)
  A water moccasin (D:6)
  A howler monkey (D:6)
  2 hobgoblins (D:6)
4 creatures vanquished.

Grand Total: 52 creatures vanquished

Notes
Turn   | Place    | Note
-------+----------+-------------------------------------------
     0 | D:1      | Tirrikindir the Octopode Fighter began the quest for the
                  | Orb.
     0 | D:1      | Reached XP level 1. HP: 16/16 MP: 1/1
   100 | D:1      | Reached XP level 2. HP: 17/21 MP: 2/2
   417 | D:1      | Found a faded altar of an unknown god.
   554 | D:1      | Reached skill level 1 in Stealth
   554 | D:1      | Reached XP level 3. HP: 15/26 MP: 3/3
  1147 | D:2      | Noticed Terence
  1157 | D:2      | Killed Terence
  1525 | D:2      | Reached XP level 4. HP: 32/32 MP: 4/4
  1807 | D:3      | Reached XP level 5. HP: 34/37 MP: 5/5
  2134 | D:3      | You fall into a shaft and drop 3 floors!
  2138 | D:6      | Noticed an ogre
  2161 | D:6      | Noticed a water moccasin
  2167 | D:6      | Killed a water moccasin
  2168 | D:6      | Reached XP level 6. HP: 30/44 MP: 6/6
  2168 | D:6      | Gained mutation: You are partially covered in iridescent
                  | scales. (AC +2) [potion of mutation]
  2168 | D:6      | Gained mutation: You occasionally lose the ability to drink
                  | potions when taking damage. [potion of mutation]
  2181 | D:6      | HP: 1/44 [gnoll/+0 scythe (7)]
  2182 | D:6      | Mangled by a gnoll

Illustrated notes

Levels and vault maps discovered:
D:1:      dpeg_arrival_oval, layout_basic, shapermc_ecumenical_altar_petra
D:2:      layout_loops_cross, uniq_terence
D:3:      layout_loops_cross, minmay_misc_feat_x
D:6:      layout_basic, nicolae_overflow_hidden_temple, sigmund_army

Skill      XL: |  1  2  3  4  5  6 |
---------------+-------------------+-----
Stealth        | 1 2 3 |  3.1
Long Blades    | 3 4 |  4.1
Fighting       | 4 |  4.7
Dodging        | |  3.9
Shields        | |  3.8

Action                   |  1- 3 |  4- 6 || total
-------------------------+-------+-------++-------
Melee: Long sword        |    46 |    32 ||    78
       Constrict         |    13 |    11 ||    24
       Tentacles         |     8 |     7 ||    15
       Punch             |       |     1 ||     1
  Use: Scroll            |     7 |     4 ||    11
       Potion            |       |     3 ||     3
 Stab: Sleeping          |     6 |     6 ||    12
Armor: Skin              |     3 |     4 ||     7
Dodge: Dodged            |    17 |    31 ||    48
Block: Buckler           |     9 |    14 ||    23
